 Dungeon Crawl Stone Soup version 0.28-a0-957-g42eb19b844 (webtiles) character file.

Game seed: 7067797493135020718

2264 Hipnos the Arsonist (level 9, 0/46 HPs)
             Began as a Deep Elf Fire Elementalist on Nov 30, 2021.
             Shot with an arrow by a centaur (16 damage)
             ... on level 7 of the Dungeon.
             The game lasted 00:13:31 (8325 turns).

Hipnos the Arsonist (Deep Elf Fire Elementalist)    Turns: 8325, Time: 00:13:31

Health: 0/46       AC:  4    Str:  5    XL:     9   Next: 16%
Magic:  14/24      EV: 12    Int: 30    God:
Gold:   386        SH:  0    Dex: 15    Spells: 14/27 levels left

rFire   + . .      SeeInvis +   t - staff of fire
rCold   . . .      Faith    +   (no shield)
rNeg    . . .      Spirit   .   a - +0 robe
rPois   .          Reflect  .   (no helmet)
rElec   .          Harm     .   (no cloak)
rCorr   .          Rampage  .   (no gloves)
Will    .....      NoTele   +   e - +1 pair of boots "Moetzon" {-Tele Int+5 SInv}
Stlth   ++........              m - amulet of faith
HPRegen 0.15/turn               n - ring of flight
MPRegen 0.19/turn               v - +4 ring of slaying

@: flying
A: no striking features
a: no special abilities


You were on level 7 of the Dungeon.
You visited 1 branch of the dungeon, and saw 7 of its levels.

You collected 386 gold pieces.

Inventory:

Hand Weapons
 f - a +2 dagger of flaming
Armour
 a - a +0 robe (worn)
 e - the +1 pair of boots "Moetzon" (worn) {-Tele Int+5 SInv}
   (You found it on level 1 of the Dungeon)

   Int:       It affects your intelligence (+5).
   SInv:      It lets you see invisible.
   -Tele:     It prevents most forms of teleportation.
Magical Staves
 t - a staff of fire (weapon)
Jewellery
 m - an amulet of faith (around neck)
 n - a ring of flight (left hand)
 v - a +4 ring of slaying (right hand)
Wands
 z - a wand of polymorph (3)
Scrolls
 d - a scroll of enchant weapon {unknown}
 g - 6 scrolls of teleportation {unknown}
 i - 2 scrolls of blinking {unknown}
 l - a scroll of torment {unknown}
 o - 2 scrolls of fear {unknown}
 p - a scroll of amnesia {unknown}
 r - a scroll of silence {unknown}
 s - 4 scrolls of identify {unknown}
 y - 2 scrolls of vulnerability {unknown}
Potions
 b - 2 potions of ambrosia {unknown}
 c - a potion of curing {unknown}
 h - 2 potions of attraction {unknown}
 j - 3 potions of flight {unknown}
 k - a potion of berserk rage {unknown}
 q - 2 potions of mutation {unknown}
 u - a potion of heal wounds {unknown}
 w - 2 potions of lignification {unknown}
 x - a potion of magic {unknown}


   Skills:
 + Level 0.3 Fighting
 + Level 0.5 Short Blades
 + Level 2.6 Dodging
 - Level 3.0 Stealth
 + Level 9.6 Spellcasting
 + Level 5.5 Conjurations
 * Level 9.8 Fire Magic


You had 14 spell levels left.
You knew the following spells:

 Your Spells              Type           Power      Damage    Failure   Level
a - Foxfire               Conj/Fire      100%       2x1d9     1%          1
b - Scorch                Fire           100%       2d10      1%          2
c - Conjure Flame         Conj/Fire      74%        6-21      1%          3
d - Inner Flame           Hex/Fire       60%        N/A       1%          3
e - Flame Wave            Conj/Fire      74%        2d11      1%          4

Your spell library contained the following spells:

 Spells                   Type           Power      Damage    Failure   Level
 Animate Skeleton         Necr           28%        N/A       3%          1
 Apportation              Tloc           28%        N/A       3%          1
 Summon Small Mammal      Summ           56%        N/A       3%          1
 Call Canine Familiar     Summ           14%        N/A       11%         3
 Frozen Ramparts          Ice            28%        1d4       11%         3
 Portal Projectile        Hex/Tloc       28%        N/A       11%         3
 Ice Form                 Ice/Tmut       14%        N/A       36%         4
 Leda's Liquefaction      Hex/Erth       7%         N/A       36%         4
 Summon Ice Beast         Ice/Summ       14%        N/A       36%         4
 Freezing Cloud           Conj/Ice/Air   12%        6-21      43%         5
 Spellforged Servitor     Conj/Summ      15%        N/A       100%        7
 Chain Lightning          Conj/Air       15%        3d20      100%        9
 Fire Storm               Conj/Fire      37%        8d9       100%        9
 Shatter                  Erth           7%         3d9*      100%        9


Dungeon Overview and Level Annotations

Branches:
Dungeon (7/15)
 Temple: D:4-7

Altars:
Dithmenos
Nemelex Xobeh

Annotations:
D:6 1 runed translucent door, Crazy Yiuf
D:7 Pikel


Message History

The yak is moderately wounded.
The yak gores you.
A lemure comes into view.
Casting: Scorch (safe; 1% risk of failure)
Confirm with . or Enter, or press ? or * to list all spells.
You feel a surge of power!
Flames lash the lemure.
The lemure is moderately wounded.
The lemure's fire resistance burns away.
The yak completely misses you. The yak gores you but does no damage.
A yak comes into view.
A centaur comes into view.
The yak gores you!
The lemure is no longer more vulnerable to fire.
Pikel the Slaver comes into view.
He is wielding a +2 whip of freezing.
A lemure comes into view.
A lemure comes into view.
Pikel says, "You'll feel the lick of my whip!"
Pikel cracks his whip.
You reach down and open the door.
The lemure is no longer more vulnerable to fire.
The yak gores you! The yak gores you.
There is an open door here.
You are too injured to fight recklessly!
Casting: Scorch (safe; 1% risk of failure)
Confirm with . or Enter, or press ? or * to list all spells.
Casting: Flame Wave (dangerous; 1% risk of failure)
Press: ? - help, Dir - look around, f - activate You feel a surge of power!
A wave of flame ripples out!
The flame wave engulfs the yak!
The yak is heavily wounded. (Press . to intensify the flame waves.)
The yak gores you.
A wave of flame ripples out!
The flame wave engulfs the yak.
The yak is severely wounded.
The flame wave engulfs the yak!!
The yak is severely wounded.
The flame wave engulfs the centaur.
The centaur is moderately wounded.
The centaur wields a +0 shortbow.
The centaur shoots an arrow.
The arrow hits you!
You die...

....#....#######...........#
....#'#####... #.....#####+#
..........#...##.....###
..........#...........[#
..........#............#
..........######K55....#.
.............. #Yc..c5Y5.....#
...####+##.....#'#######5....#
...# #......@Y...........#
...# #.............. ....#
...+ #.............. ....#
...# #.............. .... ...#
######......... ....
#......... +.........
#.........


You could see Pikel, 2 yaks, 2 lemures and a centaur.

Vanquished Creatures
  A water moccasin (D:7)
  An ice beast (D:6)
  3 sky beasts
  A black bear (D:5)
  A necrophage (D:5)
  3 ogres
  7 centaurs (D:6)
  2 phantoms
  4 scorpions
  A water moccasin skeleton (D:4)
  A bullfrog zombie (D:6)
  2 hounds
  A jelly (D:4)
  An iguana (D:6)
  2 orc wizards (D:6)
  A howler monkey zombie (D:5)
  5 gnolls
  3 adders
  A shadow imp (D:4)
  A white imp (D:5)
  3 worms
  2 dart slugs
  24 orcs
  2 bats
  An endoplasm (D:2)
  4 giant cockroaches
  5 goblins
  4 hobgoblins
  3 quokkas
  4 ball pythons
  4 frilled lizards
  6 kobolds
  3 rats
107 creatures vanquished.

Vanquished Creatures (collateral kills)
  8 foxfires
8 creatures vanquished.

Vanquished Creatures (others)
  618 foxfires
618 creatures vanquished.

Grand Total: 733 creatures vanquished

Notes
Turn   | Place    | Note
-------+----------+-------------------------------------------
     0 | D:1      | Hipnos the Deep Elf Fire Elementalist began the quest for
                  | the Orb.
     0 | D:1      | Reached XP level 1. HP: 10/10 MP: 6/6
   102 | D:1      | Reached XP level 2. HP: 15/15 MP: 0/8
   659 | D:1      | Found a faded altar of an unknown god.
   664 | D:1      | Identified the +1 pair of boots "Moetzon" {-Tele Int+5
                  | SInv}
  1437 | D:2      | Reached XP level 3. HP: 16/19 MP: 0/9
  1613 | D:2      | Learned a level 2 spell: Scorch
  1617 | D:2      | Learned a level 3 spell: Conjure Flame
  1772 | D:2      | Found a shadowy altar of Dithmenos.
  2244 | D:2      | Got the Compendium of Attacks
  3266 | D:3      | You are sucked into a shaft and drop 2 floors!
  3266 | D:5      | Entered Level 5 of the Dungeon
  3266 | D:5      | Noticed a necrophage
  3266 | D:5      | Found a sparkling altar of Nemelex Xobeh.
  3312 | D:4      | Reached XP level 4. HP: 24/24 MP: 6/12
  3572 | D:4      | Reached XP level 5. HP: 28/28 MP: 7/14
  3648 | D:4      | Reached skill level 5 in Spellcasting
  3648 | D:4      | Reached skill level 5 in Fire Magic
  4318 | D:4      | Reached XP level 6. HP: 32/32 MP: 8/16
  5213 | D:5      | Learned a level 3 spell: Inner Flame
  5220 | D:5      | Learned a level 4 spell: Flame Wave
  5284 | D:5      | Reached XP level 7. HP: 36/36 MP: 8/18
  6218 | D:6      | Reached XP level 8. HP: 41/41 MP: 15/21
  6814 | D:6      | Reached skill level 5 in Conjurations
  7758 | D:6      | Found a runed translucent door.
  7759 | D:6      | Noticed Crazy Yiuf
  7814 | D:6      | Reached XP level 9. HP: 46/46 MP: 19/24
  8317 | D:7      | Noticed Pikel
  8325 | D:7      | Shot with an arrow by a centaur

Illustrated notes

Levels and vault maps discovered:
D:1:      minmay_arrival_shoal_huts, layout_rooms,
          hellmonk_ecumenical_altar_lost_god, hex_intersection,
          nicolae_grassy_gnolls
D:2:      cheibrodos_old_hovel, layout_loops_corners, basic_altar, serial_glass,
          glass_columns_a, glass_columns_a
D:3:      layout_loops_ring, kennysheep_small_spiral
D:4:      layout_basic
D:5:      layout_rooms, nemelex_xobeh_ov_fountains_minmay
D:6:      layout_loops_ring, minmay_temple_entry_from_below_a, centaur_isle,
          uniq_crazy_yiuf_cottage
D:7:      layout_gridville, uniq_pikel

Skill      XL: |  1  2  3  4  5  6  7  8 |
---------------+-------------------------+-----
Fire Magic     | 4 5 6 7 9 |  9.8
Conjurations   | 2 3 4 5 |  5.5
Spellcasting   | 4 5 6 7 9 |  9.6
Stealth        | 3 |  3.0
Fighting       | |  0.3
Short Blades   | |  0.5
Dodging        | |  2.6

Action                   |  1- 3 |  4- 6 |  7- 9 || total
-------------------------+-------+-------+-------++-------
Melee: Unarmed           |     5 |       |       ||     5
       Dagger            |       |     3 |       ||     3
       Staff             |       |       |     1 ||     1
 Cast: Foxfire           |   176 |    81 |   124 ||   381
       Scorch            |       |    13 |    35 ||    48
       Conjure Flame     |       |     2 |     4 ||     6
       Flame Wave        |       |       |     1 ||     1
Armor: Robe              |     3 |       |     7 ||    10
Dodge: Dodged            |     6 |     5 |    15 ||    26

Table legend: (Time is in decaauts)
 A = Elapsed time spent in this place.
 B = Non-inter-level travel time spent in this place.
 C = Inter-level travel time spent in this place.
 D = Time resting spent in this place.
 E = Time spent auto-exploring this place.
 F = Levels seen in this place.
 G = Mean time per level.
                   A        B        C        D        E       F      G
               +--------+--------+--------+--------+--------+-----+--------+
         Total |   8327 |   8095 |    232 |    303 |   6888 |   7 | 1189.6 |
       Dungeon |   8327 |   8095 |    232 |    303 |   6888 |   7 | 1189.6 |
               +--------+--------+--------+--------+--------+-----+--------+

Top non-repeatable levels by time:
     D:6: 1853 daAuts
     D:1: 1431 daAuts
     D:4: 1394 daAuts
     D:2: 1373 daAuts
     D:5: 1047 daAuts
     D:3: 967 daAuts
     D:7: 260 daAuts
